 Dungeon Crawl Stone Soup version 0.31.0-12-g77e489cdc1 (webtiles) character file.

Game seed: 8026273013707072981

32 Skullgrim the Ruffian (level 3, 36/36 HPs)
             Began as a Troll Berserker on Feb 12, 2024.
             Was a Follower of Nemelex Xobeh.
             Quit the game on level 1 of the Dungeon.
             The game lasted 00:02:18 (700 turns).

Skullgrim the Ruffian (Troll Berserker)              Turns: 700, Time: 00:02:19

Health: 36/36      AC:  5    Str: 25    XL:     3   Next: 10%
Magic:  2/2        EV: 10    Int:  9    God:    Nemelex Xobeh [*.....]
Gold:   25         SH:  0    Dex: 11    Spells: 2/2 levels left

rFire   . .          .
                       - Unarmed
rCold   . . .        (no shield)
rNeg    . . .        a - +1 animal skin
rPois   .            (helmet restricted)
rElec   .            (no cloak)
rCorr   .            (gloves unavailable)
SInv    .            (boots unavailable)
Will    .....        (no amulet)
Stlth   +            b - +6 ring of intelligence
HPRegen 1.06/turn    (no ring)
MPRegen 0.08/turn

%: no passive effects
@: no status effects
A: large, unfitting armour, claws 3, regeneration 1, shaggy fur 1, tough skin 1
a: Renounce Religion, Draw Escape, Draw Destruction, Draw Summoning


You were on level 1 of the Dungeon.
You worshipped Nemelex Xobeh.
Nemelex Xobeh was aware of your devotion.
You visited 1 branch of the dungeon, and saw 1 of its levels.

You collected 25 gold pieces.

Inventory:

Missiles
 e - 4 poisoned darts (quivered)
Armour
 a - a +1 animal skin (worn)
Jewellery
 b - a +6 ring of intelligence (left claw)
Potions
 c - a potion of mutation {unknown}
 d - a potion of attraction {unknown}
 f - a potion of ambrosia {unknown}


   Skills:
 * Level 2.7 Fighting
 * Level 0.3 Armour
 * Level 2.8 Dodging
 * Level 0.1 Stealth
 * Level 3.4 Unarmed Combat


You had 2 spell levels left.
You didn't know any spells.
Your spell library was empty.

Dungeon Overview and Level Annotations

Branches:
Dungeon (1/15)

Altars:
Nemelex Xobeh


Innate Abilities, Weirdness & Mutations

You are too large for most types of armour.
You have claws for hands.
Your natural rate of healing is unusually fast.
You are covered in fur. (AC +1)
You have tough skin. (AC +1)


Message History

You closely miss the goblin.
The goblin is moderately wounded.
You scratch the goblin.
The goblin is severely wounded.
The goblin barely misses you.
You kill the goblin!
Trog accepts your kill.
You can now call upon Trog for regeneration and willpower.
You see here a +0 dagger.
e - 4 poisoned darts (gained 1)
f - a lumpy dark potion You see here a bat corpse.
You see here a bat corpse.
You see here 7 stones.
You see here a +0 dagger.
A giant cockroach comes into view.
You claw the giant cockroach!
You kill the giant cockroach!
Trog accepts your kill.
A kobold comes into view. It is wielding a +0 dagger.
The helpless kobold fails to defend itself.
You scratch the kobold.
The kobold is moderately wounded.
The kobold hits you but does no damage.
You claw the kobold!
You kill the kobold!
Trog accepts your kill.
You see here a +0 dagger.
You see here 6 stones.
Found a faded altar of an unknown god.
There is a shaft here.
There is a faded altar of an unknown god here.
This altar belongs to (a) Vehumet, (b) Nemelex Xobeh or (c) Lugonu, but you can't tell which.
Press the corresponding letter to learn more about a god, or press enter to convert or escape to cancel.
Nemelex Xobeh accepts your prayer!
You have lost your religion!
Trog does not appreciate desertion!
Nemelex Xobeh welcomes you!
You can now draw from decks of power.
Nemelex will now gift you decks of power as you gain piety.
Are you sure you want to abandon this character and quit the game? (Confirm with "yes".)

#.##.#.##.# #.# #.##.#.##.# #.#
##########.##.#.##.# ########
#........#.##.#....# ###~~≈≈≈~~
##.#..†.....##.###..###.'..~≈~~P
#..#.#.#)##.##..##......#....~~P
#....#.#....###.##.#.####♣....~~
#..###.###..###^##†#.# ♣♣.....
#..#.....#....#@#.†#.# ♣♣♣...
#..#######.)#####..#.# ####
#..~≈≈≈≈≈~..# #....########...
##.#######..# #...............
#.#.....#..# #...............
#.###.###..#####..#..#######...
#...#.#...........#..# #.......
###.#.#)####.........# #.#####.
#...).###.#.#####.## #.# #.


There were no monsters in sight!

Vanquished Creatures
  2 dart slugs (D:1)
  2 ball pythons (D:1)
  5 bats (D:1)
  An endoplasm (D:1)
  2 giant cockroaches (D:1)
  3 hobgoblins (D:1)
  A frilled lizard (D:1)
  6 goblins (D:1)
  2 kobolds (D:1)
  2 rats (D:1)
26 creatures vanquished.

Notes
Turn   | Place    | Note
-------+----------+-------------------------------------------
     0 | D:1      | Skullgrim the Troll Berserker began the quest for the Orb.
     0 | D:1      | Reached XP level 1. HP: 22/22 MP: 0/0
   158 | D:1      | Reached XP level 2. HP: 27/29 MP: 1/1
   419 | D:1      | Reached XP level 3. HP: 36/36 MP: 2/2
   456 | D:1      | Reached ** piety under Trog
   690 | D:1      | Found a faded altar of an unknown god.
   699 | D:1      | Prayed at the altar of an unknown god.
   699 | D:1      | Fell from the grace of Trog
   699 | D:1      | Became a worshipper of Nemelex Xobeh the Trickster
   699 | D:1      | Reached * piety under Nemelex Xobeh
   700 | D:1      | Quit the game

Illustrated notes

Levels and vault maps discovered:
D:1:      tarquinn_simple_flora_water_c, layout_loops_ring,
          hellmonk_ecumenical_altar_leap_of_faith, amethyst_killhole,
          grunt_decor_cap

Action                     || total
---------------------------++-------
  Melee: Unarmed           ||    49
         Punch             ||     2
  Throw: Dart              ||     2
    Use: Scroll            ||     5
   Stab: Sleeping          ||     1
 Armour: Animal skin       ||    42
  Dodge: Dodged            ||    47
